Map: Pillars of Gold LE

Players

ALHT - Winner!

  • Race: Zerg Zerg
  • League: Bronze
  • Spawn Location: 1:00

Ravin

  • Race: Terran Terran
  • Spawn Location: 7:00

VOD

Have the link to the VOD?

Description

Time

  • Played on: July 26, 2020, 8:48 a.m.
  • Length: 13:13
Show
View Real Time Build Order
Export as new Build Order

ALHT Zerg - Winner!

Build Orders: Hatch First, Muta Ling Bane 

Get SALT Encoding   

  12  0:02  Drone  
  13  0:13  Overlord  
  13  0:23  Drone  
  14  0:39  Drone x3  
  17  0:55  Hatchery  
  16  1:08  Drone  
  16  1:09  Drone  
  18  1:15  Extractor  
  17  1:23  Drone  
  17  1:24  Spawning Pool  
  17  1:48  Drone  
  17  1:49  Drone x2  
  20  2:08  Drone x2  
  22  2:15  Zergling x2  
  23  2:27  Zergling x4  
  25  2:30  Drone  
  25  2:31  Overlord  
  25  2:35  Queen  
  28  2:49  Queen  
  30  2:52  Zergling x6  
  33  3:03  Drone x3  
  36  3:12  Metabolic Boost  
  35  3:33  Drone x2  
  35  3:37  Overlord  
  35  3:43  Extractor  
  35  3:47  Lair  
  34  3:58  Drone, Extractor  
  34  3:59  Drone  
  34  4:00  Drone x3  
  35  4:26  Drone x7  
  42  4:34  Drone x3, Extractor  
  42  4:35  Overlord  
  42  4:36  Overlord  
  42  4:37  Overlord x2  
  44  4:46  Evolution Chamber  
  44  4:51  Drone  
  44  4:56  Drone x3  
  47  5:06  Spire  
  46  5:09  Queen  
  46  5:11  Queen  
  50  5:34  Zergling x20  
  60  5:36  Baneling Nest  
  59  5:45  Queen  
  59  5:46  Queen  
  63  5:58  Zergling x12  
  69  6:05  Spine Crawler  
  69  6:09  Spine Crawler  
  66  6:18  Roach Warren  
  64  6:30  Zerg Melee Weapons Level 1  
  64  6:44  Centrifical Hooks  
  64  6:45  Zergling x2  
  64  6:46  Zergling x16  
  73  6:51  Drone x3  
  73  6:54  Lair  
  76  7:16  Baneling  
  76  7:17  Baneling x6  
  76  7:18  Baneling x2  
  76  7:28  Overlord x3  
  76  7:29  Overlord x2  
  76  7:46  Queen  
  78  7:51  Zerg Flyer Weapons Level 1  
  78  7:56  Mutalisk x5  
  88  8:00  Drone x2  
  89  8:24  Zerg Ground Armor Level 1  
  78  8:34  Zergling x16  
  78  8:35  Zergling x8  
  78  8:39  Overseer  
  86  9:10  Mutalisk x7  
  86  9:13  Zergling x2  
  86  9:14  Zergling x6  
  85  9:42  Zergling x12  
  89  9:46  Hatchery, Zerg Flyer Armor Level 1  
  88  9:59  Drone  
  89  10:18  Zerg Missile Weapons Level 1  
  89  10:32  Hatchery  
  84  11:05  Baneling x2  
  84  11:06  Roach, Zergling x2, Baneling x2  
  84  11:07  Zergling x32  
  93  11:36  Zergling x2  
  93  11:37  Zergling x18  
  97  11:50  Queen  
  97  11:51  Drone x2  
  97  11:52  Drone x5  
  106  11:55  Drone  
Show
View Real Time Build Order
Export as new Build Order

Ravin Terran 

Build Orders:  

Get SALT Encoding   

  12  0:02  SCV  
  13  0:14  SCV  
  14  0:26  SCV  
  14  0:28  Supply Depot  
  15  0:45  Refinery  
  16  0:50  SCV  
  16  1:00  Barracks  
  16  1:02  SCV  
  17  1:14  SCV  
  18  1:26  SCV  
  19  1:38  SCV  
  20  1:50  Reaper  
  21  2:05  Supply Depot  
  21  2:22  Reaper  
  22  2:52  Factory  
  22  2:54  Reaper  
  23  3:26  Reaper  
  22  3:40  Hellion  
  24  3:54  Command Center  
  24  4:00  Refinery  
  24  4:01  SCV  
  24  4:02  Hellion  
  26  4:13  Marine, SCV  
  28  4:23  Hellion  
  28  4:31  Marine  
  29  4:44  Hellion  
  31  4:55  Supply Depot  
  31  5:05  Marine  
  31  5:06  Hellion  
  34  5:08  Supply Depot  
  34  5:12  Engineering Bay  
  34  5:23  Marine  
  34  5:27  Hellion, SCV  
  38  5:39  SCV  
  38  5:41  Marine  
  40  5:48  Hellion  
  42  5:51  SCV  
  43  5:59  Marine  
  43  6:03  SCV  
  45  6:10  Hellion  
  47  6:15  SCV  
  47  6:16  Marine  
  41  6:31  Hellion  
  41  6:45  SCV  
  42  6:57  SCV  
  43  7:01  Barracks Reactor  
  43  7:06  Factory Tech Lab  
  43  7:09  SCV  
  43  7:11  Starport  
  44  7:18  Supply Depot  
  44  7:21  SCV  
  45  7:29  Command Center  
  45  7:33  SCV  
  46  7:37  Barracks  
  46  7:41  Starport  
  46  7:46  Factory  
  46  7:49  Supply Depot  
  46  7:51  Starport Tech Lab  
  46  7:52  Terran Infantry Weapons Level 1  
  46  7:58  Siege Tank  
  46  8:03  Marine x2  
  51  8:15  Starport  
  51  8:21  Marine x2  
  53  8:30  Siege Tank  
  40  8:39  Marine x2  
  24  8:57  Marine  
  28  9:11  Barracks Reactor  
  28  9:14  Starport Tech Lab  
  28  9:16  Factory Tech Lab  
  14  9:47  Barracks  
  14  9:50  Siege Tank  
  16  9:54  Banshee  
  16  9:57  Marine  
  16  9:58  Marine  
  21  10:13  Missile Turret  
  21  10:15  Marine x2  
  21  10:20  SCV, Refinery  
  24  10:32  SCV  
  24  10:33  Marine x2  
  26  10:36  Banshee  
  29  10:44  SCV  
  30  10:57  Engineering Bay  
  30  11:15  Supply Depot  
  30  11:26  Missile Turret  
  23  11:36  SCV  
  22  11:48  SCV  
Tags
 
Composition
Muta Ling Bane
League
Bronze
Matchup
TvZ
Spawn Locations
Cross Positions
Add a new tag
Caveats
  • Supply blocks, unpowered buildings, or Contaminate may cause inaccurate times.
  • Supply counts are checked every 10 seconds.